 Dungeon Crawl Stone Soup version 0.30-a0-760-g5a9884bb7c (webtiles) character file.

Game seed: 1190334772352896268

80 mistaj the Trooper (level 4, -5/25 HPs)
             Began as a Vine Stalker Monk on Feb 10, 2023.
             Slain by an ogre
             ... wielding a +0 giant club
              (13 damage)
             ... on level 3 of the Dungeon.
             The game lasted 00:03:15 (1994 turns).

mistaj the Trooper (Vine Stalker Monk)              Turns: 1994, Time: 00:03:16

Health: -5/25      AC: 12    Str: 16    XL:     4   Next: 39%
Magic:  0/5        EV:  7    Int: 10    God:
Gold:   205        SH:  0    Dex: 16    Spells: 3/3 levels left

rFire   . . .      SeeInvis +    a - +0 hand axe
rCold   . . .      Faith    .    (no shield)
rNeg    . . .      Spirit   +    n - +0 chain mail
rPois   .          Reflect  .    s - +2 helmet {SInv}
rElec   .          Harm     .    h - +0 cloak
rCorr   .          Rampage  .    (no gloves)
Will    .....                    (no boots) Stlth
                                 (no amulet)
HPRegen 1.04/turn                (no ring)
MPRegen 0.09/turn                (no ring)

@: no status effects
A: fangs 2, regeneration 1, magic shield, antimagic bite, no potion heal 2
a: no special abilities


You were on level 3 of the Dungeon.
You visited 1 branch of the dungeon, and saw 4 of its levels.

You collected 205 gold pieces.

Inventory:

Hand Weapons
 a - a +0 hand axe (weapon)
Armour
 h - a +0 cloak (worn)
 n - a +0 chain mail (worn)
 s - a +2 helmet of see invisible (worn)
Scrolls
 g - a scroll of noise {unknown}
 i - 2 scrolls of teleportation {unknown}
 j - a scroll of immolation {unknown}
 k - a scroll of torment {unknown}
 p - a scroll of silence {unknown}
Potions
 b - a potion of curing
 c - a potion of ambrosia
 e - a potion of flight
 l - a potion of haste
 m - a potion of cancellation
 o - a potion of magic {unknown}
 q - a potion of attraction {unknown}
 r - 2 potions of lignification {unknown}


   Skills:
 + Level 3.7 Fighting
 + Level 3.7 Axes
 - Level 2.4 Dodging
 - Level 2.4 Stealth


You had 3 spell levels left.
You didn't know any spells.
Your spell library was empty.

Dungeon Overview and Level Annotations

Branches:
Dungeon (4/15)
 Temple: D:4-7

Altars:


Innate Abilities, Weirdness & Mutations

You have extremely sharp teeth.
Your natural rate of healing is unusually fast.
When hurt, damage is shared between your health and your magic reserves.
Your bite disrupts and absorbs the magic of your enemies.
Potions cannot restore your health.


Message History

The bat hits you but does no damage. The bat closely misses you.
You hit the bat.
You kill the bat!
No target in view!
No target in view!
Found a spear.
You see here a +0 spear.
r - 2 metallic sapphire potions (gained 1)
A kobold comes into view. It is wielding a +0 whip.
Found 11 gold pieces.
The kobold shouts!
The kobold throws a stone.
The stone hits you but does no damage.
A rat comes into view.
The kobold throws a stone.
The stone hits you but does no damage.
An ogre comes into view. It is wielding a +0 giant club.
The kobold hits you with a +0 whip.
You slash the kobold!
You kill the kobold!
You hit the rat.
The rat is moderately wounded.
The rat bites you but does no damage.
You closely miss the rat.
The rat is moderately wounded.
The rat bites you but does no damage.
You hit the rat.
You kill the rat!
You slash the ogre!
The ogre is moderately wounded.
The ogre hits you with a +0 giant club.
You hit the ogre. You bite the ogre. You drain its power.
The ogre is heavily wounded.
The ogre hits you with a +0 giant club!!
Ouch! That really hurt!
* * * LOW HITPOINT WARNING * * *
You slash the ogre! You bite the ogre. You drain its power.
You feel invigorated.
The ogre is severely wounded.
The ogre hits you with a +0 giant club!
Ouch! That really hurt!
You die...

#...........## ....
#.....######<. ....
#####.....########
....
#.................
...##.........########
#...........†........
#............#######.
#..)O........# ##
#...@.......## #.
#$........### ##
#.........# #.
#.........### ##
#...........## #.
###########..## ##
##..# #. ##.# ## #.#
#.


You could see an ogre.

Vanquished Creatures
  2 adders (D:2)
  A dart slug (D:1)
  8 ball pythons
  6 endoplasms
  3 giant cockroaches (D:1)
  4 hobgoblins
  A quokka (D:1)
  8 bats
  6 frilled lizards (D:1)
  4 goblins
  5 kobolds
  14 rats
62 creatures vanquished.

Notes
Turn   | Place    | Note
-------+----------+-------------------------------------------
     0 | D:1      | mistaj the Vine Stalker Monk began the quest for the Orb.
     0 | D:1      | Reached XP level 1. HP: 11/11 MP: 2/2
   137 | D:1      | Reached XP level 2. HP: 16/16 MP: 3/3
   385 | D:1      | Reached XP level 3. HP: 17/20 MP: 4/4
  1155 | D:2      | Gained mutation: Your natural rate of healing is unusually
                  | fast. [Vine Stalker growth]
  1155 | D:2      | Reached XP level 4. HP: 17/25 MP: 5/5
  1388 | D:2      | You fall into a shaft and drop 2 floors!
  1408 | D:4      | Noticed an ogre
  1986 | D:3      | Noticed an ogre
  1994 | D:3      | Slain by an ogre

Illustrated notes

Levels and vault maps discovered:
D:1:      dpeg_arrival_chambers_temple_mockup, layout_basic,
          minmay_rat_gold_closets
D:2:      minmay_door_path, layout_basic
D:3:      layout_basic, roderic_roman_lattice, minmay_misc_feat_ornament
D:4:      layout_basic, okawaru_trees_2, uniq_sigmund

Skill      XL: |  1  2 |
---------------+-------+-----
Fighting       | 3 |  3.7
Axes           | 3 |  3.7
Dodging        | |  2.4
Stealth        | |  2.4

Action                     |  1- 3 |  4- 6 || total
---------------------------+-------+-------++-------
  Melee: Hand axe          |   113 |    27 ||   140
         Bite              |    21 |     5 ||    26
         Punch             |     1 |       ||     1
    Use: Scroll            |       |     5 ||     5
   Stab: Sleeping          |     9 |       ||     9
 Armour: Robe              |    19 |       ||    19
         Chain mail        |    23 |    17 ||    40
  Dodge: Dodged            |    61 |    11 ||    72

Table legend: (Time is in decaauts)
 A = Elapsed time spent in this place.
 B = Non-inter-level travel time spent in this place.
 C = Inter-level travel time spent in this place.
 D = Time resting spent in this place.
 E = Time spent auto-exploring this place.
 F = Levels seen in this place.
 G = Mean time per level.
                   A        B        C        D        E       F      G
               +--------+--------+--------+--------+--------+-----+--------+
         Total |   2011 |   1960 |     51 |    185 |   1231 |   4 |  502.8 |
       Dungeon |   2011 |   1960 |     51 |    185 |   1231 |   4 |  502.8 |
               +--------+--------+--------+--------+--------+-----+--------+

Top non-repeatable levels by time:
     D:1: 917 daAuts
     D:2: 887 daAuts
     D:3: 161 daAuts
     D:4: 44 daAuts
